Map: [ESL] Site Delta

Players

trigger - Winner!

  • Race: Protoss Protoss
  • Spawn Location: 11:00

DisReSpeCT

  • Race: Terran Terran
  • Spawn Location: 5:00

Event: ESL SC2 Masters 2023 Winter (Finals)

VOD

Have the link to the VOD?

Description

Time

  • Played on: Dec. 15, 2023, 2:30 p.m.
  • Length: 11:30

All games in this series

Show
View Real Time Build Order
Export as new Build Order

trigger Protoss - Winner!

Build Orders: 1 Gate Expand, Blink Stalkers, Chargelot Immortal, Colossus Rush 

Get SALT Encoding   

  12  0:00  Probe  
  13  0:12  Probe  
  14  0:17  Pylon  
  14  0:24  Probe (Chrono Boost)  
  16  0:35  Gateway  
  16  0:37  Probe (Chrono Boost)  
  16  0:42  Probe (Chrono Boost)  
  16  0:45  Assimilator  
  17  0:52  Probe  
  18  1:04  Probe  
  19  1:16  Probe  
  20  1:22  Cybernetics Core  
  20  1:31  Nexus  
  20  1:37  Pylon  
  20  1:39  Probe  
  21  1:44  Assimilator  
  21  1:51  Probe  
  22  1:57  Adept (Chrono Boost)  
  22  2:00  Warp Gate  
  24  2:04  Probe (Chrono Boost)  
  26  2:16  Probe (Chrono Boost)  
  26  2:19  Stalker  
  26  2:22  Probe (Chrono Boost)  
  29  2:30  Probe  
  29  2:31  Twilight Council  
  30  2:43  Probe (Chrono Boost)  
  32  2:48  Probe (Chrono Boost)  
  33  2:52  Probe (Chrono Boost)  
  33  2:56  Stalker, Probe (Chrono Boost)  
  33  2:57  Probe (Chrono Boost)  
  36  3:02  Blink (Chrono Boost)  
  37  3:06  Probe  
  37  3:09  Probe  
  37  3:10  Pylon  
  37  3:12  Shield Battery  
  39  3:18  Probe  
  40  3:21  Probe  
  40  3:23  Gateway  
  41  3:30  Probe  
  41  3:31  Robotics Facility  
  42  3:36  Probe  
  43  3:43  Probe  
  44  3:48  Probe  
  44  3:53  Nexus  
  44  3:54  Pylon  
  45  3:55  Probe  
  45  4:00  Probe  
  45  4:01  Stalker  
  49  4:08  Probe  
  49  4:09  Assimilator  
  50  4:11  Assimilator  
  50  4:13  Probe  
  49  4:18  Observer (Chrono Boost)  
  49  4:20  Probe, Robotics Bay  
  51  4:25  Probe  
  51  4:29  Zealot, Stalker  
  56  4:32  Probe  
  56  4:35  Pylon  
  58  4:38  Shield Battery  
  57  4:52  Stalker  
  57  4:54  Probe  
  57  4:55  Probe  
  57  4:58  Colossus  
  59  5:04  Stalker  
  59  5:07  Gateway  
  59  5:11  Probe  
  64  5:21  Probe (Chrono Boost), Stalker  
  58  5:24  Gateway  
  58  5:25  Probe (Chrono Boost)  
  58  5:27  Stalker, Pylon  
  63  5:29  Probe (Chrono Boost), Pylon  
  63  5:31  Observer  
  63  5:33  Pylon  
  63  5:34  Probe (Chrono Boost)  
  65  5:37  Probe (Chrono Boost)  
  65  5:40  Probe (Chrono Boost)  
  65  5:41  Probe (Chrono Boost)  
  67  5:45  Probe  
  67  5:48  Extended Thermal Lance  
  67  5:49  Probe  
  69  5:52  Probe  
  69  5:56  Charge  
  71  5:57  Observer (Chrono Boost), Probe  
  71  5:59  Sentry, Shield Battery  
  71  6:02  Stalker, Pylon  
  71  6:03  Zealot  
  78  6:05  Probe  
  78  6:07  Probe  
  80  6:12  Colossus (Chrono Boost)  
  86  6:26  Forge, Assimilator, Probe x2  
  86  6:28  Forge, Probe  
  86  6:30  Stalker  
  91  6:38  Probe  
  92  6:40  Probe  
  92  6:41  Pylon  
  92  6:44  Probe  
  92  6:45  Gateway, Pylon  
  94  6:48  Gateway  
  94  6:57  Nexus, Colossus (Chrono Boost)  
  100  7:02  Protoss Ground Weapons Level 1 (Chrono Boost)  
  100  7:09  Sentry  
  100  7:10  Zealot x2  
  100  7:12  Probe  
  100  7:14  Protoss Ground Armor Level 1 (Chrono Boost), Shield Battery  
  105  7:22  Probe  
  106  7:24  Probe  
  106  7:29  Probe  
  108  7:30  Gateway  
  108  7:31  Gateway  
  108  7:36  Probe x2  
  110  7:40  Pylon  
  110  7:41  Probe  
  111  7:44  Zealot x5  
  111  7:48  Probe  
  111  7:49  Probe  
  123  7:54  Immortal (Chrono Boost)  
  123  7:57  Robotics Facility  
  126  7:58  Robotics Facility, Probe  
  126  8:02  Pylon  
  126  8:03  Stalker  
  128  8:06  Probe  
  127  8:13  Probe x3  
  127  8:18  Pylon  
  130  8:20  Pylon  
  130  8:25  Zealot x5  
  130  8:26  Zealot x2  
  144  8:27  Warp Prism (Chrono Boost)  
  146  8:38  Protoss Ground Weapons Level 2 (Chrono Boost)  
  138  8:48  Stalker x5  
  138  8:51  Observer (Chrono Boost), Immortal (Chrono Boost)  
  153  9:03  Observer, Immortal  
  153  9:06  Assimilator  
  153  9:07  Photon Cannon  
  153  9:08  Zealot x3  
  163  9:10  Assimilator, Protoss Ground Armor Level 2 (Chrono Boost)  
  163  9:14  Photon Cannon  
  163  9:17  Immortal  
  163  9:23  Zealot x2  
  171  9:32  Observer  
  171  9:36  Immortal  
  169  9:47  Immortal  
  171  9:59  Nexus  
  169  10:07  Zealot  
  171  10:14  Pylon  
  171  10:15  Pylon  
  171  10:18  Pylon  
  170  10:21  Pylon  
  170  10:26  Immortal  
  172  10:29  Immortal  
  172  10:32  Immortal  
  172  10:33  Zealot x6  
  172  10:34  Stalker x2  
  186  10:39  Shield Battery  
  186  10:41  Photon Cannon  
  184  10:51  Gateway  
  184  10:54  Gateway  
  184  11:00  Zealot x8  
  184  11:02  Gateway x2  
  178  11:22  Zealot x8  
  178  11:23  Dark Shrine  
  182  11:27  Templar Archives  
Show
View Real Time Build Order
Export as new Build Order

DisReSpeCT Terran 

Build Orders:  

Get SALT Encoding   

  12  0:00  SCV  
  13  0:12  SCV  
  14  0:18  Supply Depot  
  14  0:24  SCV  
  15  0:40  SCV  
  15  0:42  Barracks  
  16  0:44  Refinery  
  16  0:52  SCV  
  17  1:04  SCV  
  18  1:16  SCV  
  19  1:30  Orbital Command, Marine  
  20  1:39  Command Center  
  20  1:48  Supply Depot  
  20  1:49  Barracks Tech Lab  
  20  1:58  SCV  
  21  2:02  Barracks  
  23  2:08  Marauder  
  23  2:10  Concussive Shells  
  23  2:21  Barracks  
  23  2:23  SCV  
  26  2:30  Marauder  
  26  2:35  SCV  
  27  2:50  Orbital Command  
  27  2:56  Barracks Tech Lab, Marauder  
  27  2:58  SCV  
  30  3:10  SCV  
  30  3:12  Stimpack  
  31  3:16  Marine  
  31  3:17  SCV  
  31  3:19  Supply Depot  
  33  3:21  Marauder  
  33  3:22  SCV  
  36  3:29  SCV  
  37  3:34  SCV  
  37  3:39  Marine  
  37  3:40  Marauder  
  40  3:42  Supply Depot, SCV  
  40  3:46  SCV  
  38  3:49  Marauder  
  38  3:54  SCV  
  41  3:58  SCV  
  41  3:59  Command Center  
  41  4:02  Marauder, Marine  
  45  4:11  Marauder  
  45  4:14  SCV x2  
  49  4:19  Marine  
  49  4:20  Barracks  
  49  4:22  Barracks  
  50  4:26  SCV  
  50  4:28  Marine  
  52  4:31  Marine, SCV  
  52  4:34  Combat Shield, Refinery  
  52  4:35  Supply Depot, Refinery  
  54  4:40  SCV  
  54  4:43  SCV  
  54  4:44  Marine  
  57  4:45  Marine  
  58  4:53  SCV  
  58  4:55  SCV  
  58  5:05  SCV  
  58  5:06  Barracks Reactor  
  58  5:07  Marauder x2, Marine, SCV  
  61  5:08  Engineering Bay  
  58  5:23  SCV x2  
  58  5:27  Orbital Command, Barracks Reactor  
  58  5:28  Barracks Reactor, Marauder  
  62  5:29  Marauder  
  62  5:35  SCV x2  
  66  5:40  Terran Infantry Weapons Level 1  
  66  5:47  SCV x2  
  66  5:48  Marine x2, Supply Depot  
  65  5:50  Marauder, Refinery  
  65  5:56  Marauder  
  68  5:58  Orbital Command  
  68  5:59  Factory, SCV x2  
  68  6:03  Marine  
  68  6:04  Marine x3  
  71  6:06  Marine  
  71  6:10  Marine  
  71  6:11  SCV x2, Marine  
  77  6:17  Marine  
  79  6:23  SCV x2  
  79  6:24  Marine  
  79  6:25  Marine x3  
  85  6:26  SCV  
  85  6:27  Barracks  
  85  6:28  Barracks  
  85  6:29  Marauder  
  85  6:30  Barracks  
  85  6:31  Supply Depot  
  88  6:35  SCV x2, Supply Depot  
  88  6:36  Marauder  
  88  6:38  SCV  
  93  6:40  Supply Depot  
  93  6:45  Supply Depot  
  93  6:49  Starport  
  93  6:50  Marine  
  93  6:51  Factory Reactor  
  93  6:52  SCV  
  93  6:53  Marine x4  
  97  6:56  SCV x2  
  97  6:58  Marine  
  100  7:05  SCV  
  100  7:08  Marine, Marauder x2, SCV  
  105  7:11  Marine x2  
  105  7:12  SCV, Marine x2  
  111  7:17  SCV  
  111  7:19  Marine  
  110  7:25  Barracks Tech Lab x2  
  110  7:26  Barracks Tech Lab  
  110  7:27  SCV x2  
  110  7:29  Marauder, SCV  
  117  7:30  Marauder  
  117  7:36  Marine x2  
  117  7:37  Medivac, Marine  
  115  7:38  Medivac  
  115  7:39  Factory Reactor, Marine, SCV  
  115  7:40  SCV  
  115  7:41  SCV  
  115  7:43  Supply Depot  
  125  7:44  Supply Depot  
  125  7:45  Terran Infantry Armor Level 1  
  125  7:55  Refinery  
  125  7:57  Supply Depot  
  125  8:00  Supply Depot  
  125  8:04  SCV x2, Marine x2  
  125  8:05  SCV, Marauder x2  
  133  8:06  Marauder x2  
  133  8:12  Marauder, Marine  
  141  8:19  Medivac x2, Marine x2, SCV x2  
  149  8:22  SCV, Marine x3  
  149  8:26  Marauder x2  
  155  8:27  Marauder  
  155  8:31  SCV  
  157  8:42  Supply Depot  
  157  8:43  Supply Depot  
  157  8:45  Supply Depot  
  157  8:47  SCV  
  157  8:48  SCV  
  157  8:54  Supply Depot  
  157  8:59  Supply Depot  
  157  9:03  Medivac x2, Marauder, Supply Depot, Marine, SCV  
  157  9:05  SCV x2, Marauder x2, Supply Depot, Marine x2, Starport  
  157  9:06  Marauder x2, Marine  
  178  9:17  SCV  
  178  9:19  SCV, Marine x2  
  178  9:21  Marine  
  178  9:22  Refinery  
  178  9:23  Ghost Academy  
  183  9:24  Supply Depot  
  183  9:27  Command Center, Supply Depot  
  183  9:29  SCV x2  
  185  9:33  Medivac x2  
  185  9:37  Marauder x2, Marine x3  
  185  9:38  Marauder x2  
  199  9:39  SCV  
  200  9:52  Engineering Bay  
  200  9:53  Armory  
  200  9:58  Supply Depot  
  200  10:12  Command Center  
  198  10:34  Viking, Ghost x3  
  198  10:35  Marine  
  185  10:37  SCV x2  
  180  10:43  SCV  
  180  10:45  Ghost x2  
  180  10:46  Marine x3  
  180  10:47  Marine  
  180  10:49  SCV x2  
  191  10:53  Barracks  
  191  10:54  Barracks  
  191  10:55  SCV  
  192  11:03  Marauder, Marine  
  192  11:04  Marauder  
Tags
 
Add a new tag
Caveats
  • Supply blocks, unpowered buildings, or Contaminate may cause inaccurate times.
  • Supply counts are checked every 10 seconds.